 Dungeon Crawl Stone Soup version 0.22-a0-553-g9358b0b (webtiles) character file.

17804 Amnesiac the Prestidigitator (level 12, -11/65 HPs)
             Began as a Vine Stalker Berserker on June 25, 2018.
             Was a High Priest of Trog.
             Killed by divine providence
             ... invoked by an orc high priest
              (13 damage)
             ... on level 2 of the Orcish Mines.
             The game lasted 00:19:36 (9598 turns).

Amnesiac the Prestidigitator (VSBe)                 Turns: 9598, Time: 00:19:37

Health: -11/65     AC: 18    Str: 25    XL:     12   Next: 51%
Magic:  0/19       EV: 29    Int:  7    God:    Trog [*****.]
Gold:   30         SH:  0    Dex: 14    Spells: 11/11 levels left

rFire    . . .     SeeInvis .   i - +11 plutonium sword {*Contam Stlth-}
rCold    . . .     Gourm    .   (shield currently unavailable)
rNeg     + + .     Faith    .   u - +1 pearl dragon scales
rPois    .         Spirit   +   l - +0 helmet
rElec    .         Reflect  .   b - +0 cloak
rCorr    .         Harm     .   (no gloves)
MR       +....                  o - +0 pair of boots
Stlth    ..........             y - amulet of the acrobat
HPRegen  1.00/turn              n - ring of positive energy
MPRegen  0.16/turn              (no ring)

@: lethally poisoned (-11 -> -11)
A: fangs 3, regeneration 2, screaming 1, magic shield, antimagic bite, no potion
heal 3, rot immunity
a: Berserk, Trog's Hand, Brothers in Arms, Renounce Religion


You were on level 2 of the Orcish Mines.
You worshipped Trog.
Trog was extremely pleased with you.
You were very hungry.

You visited 3 branches of the dungeon, and saw 13 of its levels.

You collected 1330 gold pieces.
You spent 1300 gold pieces at shops.

Inventory:

Hand Weapons
 i - the +11 plutonium sword (weapon) {*Contam Stlth-}
   (You bought it in a shop on level 8 of the Dungeon)

   It causes magical contamination when unequipped.
   It makes you less stealthy.
Missiles
 g - 3 poisoned javelins (quivered)
Armour
 b - a +0 cloak (worn)
 l - a +0 helmet (worn)
 o - a +0 pair of boots (worn)
 u - +1 pearl dragon scales (worn)
 w - the +1 leather armour "Jeid" {rElec rC++ rCorr Int-4}
   (You found it on level 7 of the Dungeon)

   It affects your intelligence (-4).
   It greatly protects you from cold.
   It insulates you from electricity.
   It protects you from acid and corrosion.
Jewellery
 n - a ring of positive energy (left hand)
 y - an amulet of the acrobat (around neck)
Wands
 m - a wand of random effects (51)
 p - a wand of paralysis (15)
 v - a wand of acid (6)
 D - a wand of iceblast (11)
Scrolls
 f - 7 scrolls of remove curse {!r}
 j - a scroll of identify {!r}
 k - 2 scrolls of vulnerability {!r}
 A - a scroll of brand weapon {!r}
 C - a scroll of enchant weapon {!r}
 E - a scroll of enchant armour {!r}
Potions
 d - a potion of berserk rage {!q}
 e - 2 potions of might {!q}
 h - 10 potions of curing {!q}
 s - 3 potions of mutation {!q}
 t - 2 potions of agility {!q}
 x - a potion of haste {!q}
Miscellaneous
 q - a lightning rod (4/4)
Comestibles
 a - 8 chunks of flesh
 c - 20 rations


   Skills:
 + Level 8.9 Fighting
   Level 8.0(8.1) Short Blades
 * Level 1.8(5.3) Long Blades
 + Level 7.9 Armour
 + Level 7.9 Dodging
 + Level 8.9 Evocations


You had 11 spell levels left.
You didn't know any spells.
Your spell library contained the following spells:

 Spells                   Type           Power        Failure   Level  Hunger
 Magic Dart               Conj           #...         75%         1    ##.....
 Conjure Flame            Conj/Fire      #.......     98%         3    ####...
 Slow                     Hex            #.......     86%         2    ###....
 Mephitic Cloud           Conj/Pois/Air  #.......     98%         3    ####...
 Blink                    Tloc           N/A          86%         2    ###....
 Call Imp                 Summ           #.......     86%         2    ###....


Dungeon Overview and Level Annotations

Branches:
Dungeon (10/15)            Temple (1/1) D:6             Orc (2/2) D:10
    Elf (0/3) Orc:2
   Lair: D:8-11

Altars:
Ashenzari
Cheibriados
Dithmenos
Elyvilon
Fedhas
Gozag
Hepliaklqana
Kikubaaqudgha
Makhleb
Nemelex Xobeh
Okawaru
Qazlal
Ru
Sif Muna
Trog
Uskayaw
Vehumet
Wu Jian
Xom
Yredelemnul
Zin
The Shining One

Shops:
D:8 (   Orc:2 =:?


Innate Abilities, Weirdness & Mutations

You have razor-sharp teeth.
You heal very quickly.
When hurt, damage is shared between your health and your magic reserves.
Your bite disrupts and absorbs the magic of your enemies.
Potions cannot restore your health.
You are immune to rotting.
You occasionally shout uncontrollably at your foes.


Message History

The ynoxinul gestures.
The sun demon barely misses you.
You riposte.
You closely miss the sun demon.
You bite the sun demon, but do no damage.
The sun demon is lightly wounded.
The orange demon stings you from afar.
You are poisoned.
The orange demon poisons you!
The sun demon hits you but does no damage.
The ynoxinul gestures.
You slash the sun demon!
Mutagenic energy flows through the plutonium sword!
You bite the sun demon, but do no damage.
The sun demon is moderately wounded.
You feel very sick. The orange demon closely misses you.
The orc wizard mumbles some strange words.
The orc wizard blinks!
The sun demon hits you!
You are engulfed in flames!
* * * LOW HITPOINT WARNING * * *
The orange demon stings you but does no damage.
The orc high priest mumbles some strange prayers to Beogh against you.
Beogh smites you!
* * * LOW HITPOINT WARNING * * *
The sun demon hits you.
* * * LOW HITPOINT WARNING * * *
You are engulfed in flames!
* * * LOW HITPOINT WARNING * * *
You hear a shout!
Okay, then.
Unknown command.
Okay, then.
* * * LOW HITPOINT WARNING * * *
You feel sick.
Okay, then.
Your ogre goes berserk!
You feel somewhat more hungry.
You feel sick. The sun demon closely misses you.
You swap places.
You feel sick. The sun demon hits your ogre!!
Your ogre is engulfed in flames!
Things that are here:
a runed robe; a dagger of venom
Okay, then.
Okay, then.
Okay, then.
* * * LOW HITPOINT WARNING * * *
You feel sick. The sun demon hits your ogre!
Your ogre dies!
Your ogre's corpse disappears in a puff of smoke!
You feel sick.
Your ogre goes berserk!
You are feeling hungry.
You feel sick.
You swap places.
You feel sick. The sun demon hits your ogre!!
Your ogre is engulfed in flames!
Your ogre goes berserk!
You are feeling very hungry.
You feel sick.
The sun demon dies!
Your ogre rages.
The orc high priest hits your ogre with a dire flail!
Your ogre dies!
Your ogre's corpse disappears in a puff of smoke!
You swap places.
You feel sick.
The orc high priest invokes the aid of Beogh against you.
Beogh smites you!
You die...

#...........#.. #.........
#...5.....# .o###..#....§§
#..)55..# o.##.....§§§§ #5#
#)##...#..§§§ #.# ##)##....#.§§8
. #o# ##.(##......§.§ #.. #[#
###..###......§§§
#...####o####..(## #......§§§
#....([§O.@.### #..#...§§§
######)###### #..>..#§#.
#######.###########........§
#....#.[........#.........##
#.##....#.....#.......#..##
##.#.......#...#...........# ##
###..............[.....#.^..##
.###.##.#.....#...).#.....#..<##
..#.............)[.#####.....##


You could see an orc high priest and a friendly ogre (berserk).

Vanquished Creatures
  Rupert (Orc:2)
  A two-headed ogre (D:10)
  2 orc high priests
  4 orc knights
  4 orc sorcerers (Orc:2)
  A cyclops (Orc:1)
  3 trolls
  A hornet (D:7)
  7 hippogriffs
  A vampire (D:10)
  5 yaks
  A human (D:8)
  3 hogs (D:8)
  A steam dragon (D:10)
  4 wargs
  An ice beast (D:5)
  15 orc warriors
  3 sky beasts
  A black bear (D:9)
  2 phantoms
  7 ogres
  5 centaurs
  A crocodile (D:8)
  A big kobold (D:8)
  5 bullfrogs
  A wyvern skeleton (D:10)
  2 scorpions (D:7)
  3 killer bees (D:10)
  20 wights
  A bullfrog zombie (D:5)
  5 howler monkeys
  4 crimson imps
  A quasit (D:8)
  2 centaur zombies (D:10)
  A gnoll shaman (Orc:2)
  5 hounds
  13 orc wizards
  A bullfrog skeleton (D:5)
  8 orc priests
  A jelly (D:9)
  3 iguanas
  Terence (D:2)
  8 worker ants
  Robin (D:3)
  2 worker ant zombies (D:10)
  6 adders
  4 gnolls (Orc:2)
  A shadow imp (D:9)
  2 oozes
  An adder zombie (D:6)
  An adder skeleton (D:9)
  4 worms
  2 dart slugs
  2 leopard geckos
  24 orcs
  5 giant cockroaches
  20 goblins
  6 hobgoblins
  A jackal (D:9)
  8 kobolds
  3 quokkas
  7 bats
  4 frilled lizards
  A quokka skeleton (D:8)
  8 rats
273 creatures vanquished.

Vanquished Creatures (others)
  A scorpion (D:4)
  An adder (D:4)
2 creatures vanquished.

Grand Total: 275 creatures vanquished

Notes
Turn   | Place    | Note
-------+----------+-------------------------------------------
     0 | D:1      | Amnesiac the Vine Stalker Berserker began the quest for the Orb.
     0 | D:1      | Reached XP level 1. HP: 11/11 MP: 2/2
    57 | D:1      | Reached XP level 2. HP: 9/16 MP: 0/3
   298 | D:1      | Reached XP level 3. HP: 10/19 MP: 4/4
   650 | D:2      | Found a transporter.
   656 | D:2      | Found a transporter.
   657 | D:2      | Noticed an orc warrior
   658 | D:2      | Found a hazy altar of Hepliaklqana.
   961 | D:2      | Gained mutation: Your natural rate of healing is unusually fast. [Vine Stalker growth]
   961 | D:2      | Reached XP level 4. HP: 21/23 MP: 3/5
  1010 | D:2      | Reached ** piety under Trog
  1169 | D:2      | Noticed Terence
  1176 | D:2      | Killed Terence
  1176 | D:2      | Reached skill level 5 in Short Blades
  1177 | D:2      | Reached XP level 5. HP: 27/27 MP: 6/6
  1298 | D:2      | Found a burning altar of Makhleb.
  1300 | D:2      | Noticed a blizzard demon
  1304 | D:2      | Noticed an orange demon
  1304 | D:2      | Noticed a ynoxinul
  1685 | D:2      | Killed an orc warrior
  1685 | D:2      | Reached XP level 6. HP: 24/32 MP: 4/7
  1778 | D:3      | Noticed Robin
  1792 | D:3      | Killed Robin
  2074 | D:3      | Found a blossoming altar of Fedhas.
  2278 | D:3      | Found an ornate altar of the Wu Jian Council.
  2471 | D:4      | Found a deep blue altar of Sif Muna.
  2750 | D:4      | Found a radiant altar of Vehumet.
  2856 | D:4      | Reached XP level 7. HP: 33/35 MP: 8/8
  3143 | D:5      | Entered Level 5 of the Dungeon
  3218 | D:5      | Found a shadowy altar of Dithmenos.
  3236 | D:5      | Reached *** piety under Trog
  3374 | D:5      | Reached skill level 1 in Evocations
  3495 | D:5      | Gained mutation: You have razor-sharp teeth. [Vine Stalker growth]
  3495 | D:5      | Reached XP level 8. HP: 39/39 MP: 10/10
  4241 | D:6      | Found a shimmering altar of Xom.
  4242 | D:6      | Found a shimmering altar of Xom.
  4244 | D:6      | Found a shimmering altar of Xom.
  4244 | D:6      | Found a shimmering altar of Xom.
  4244 | D:6      | Found a shimmering altar of Xom.
  4244 | D:6      | Found a shimmering altar of Xom.
  4259 | D:6      | Reached skill level 5 in Evocations
  4348 | D:6      | Found a shimmering altar of Xom.
  4563 | D:6      | Found a staircase to the Ecumenical Temple.
  4753 | Temple   | Entered the Ecumenical Temple
  4986 | D:7      | Noticed a troll
  5008 | D:6      | Killed a troll
  5008 | D:6      | Reached XP level 9. HP: 44/44 MP: 10/14
  5109 | D:7      | Got a shimmering leather armour
  5128 | D:7      | Identified the +1 leather armour "Jeid" {rElec rC++ rCorr Int-4} (You found it on level 7 of the Dungeon)
  5234 | D:7      | Noticed a hornet
  5238 | D:7      | Paralysed by a hornet for 2 turns
  5243 | D:7      | Paralysed by a hornet for 2 turns
  5248 | D:7      | Killed a hornet
  6160 | D:8      | Reached **** piety under Trog
  6361 | D:8      | Reached XP level 10. HP: 51/51 MP: 15/15
  6428 | D:8      | Reached skill level 5 in Armour
  6428 | D:8      | Reached skill level 5 in Dodging
  6441 | D:8      | Found Jefudal's Weapon Emporium.
  6475 | D:8      | Received a gift from Trog
  6475 | D:8      | Reached skill level 5 in Fighting
  7098 | D:9      | Reached ***** piety under Trog
  7603 | D:10     | Entered Level 10 of the Dungeon
  7629 | D:10     | Reached XP level 11. HP: 57/58 MP: 15/17
  7784 | D:10     | Noticed a two-headed ogre
  7804 | D:10     | Killed a two-headed ogre
  7967 | D:10     | Found a sparkling altar of Nemelex Xobeh.
  8236 | D:10     | Found a staircase to the Orcish Mines.
  8244 | Orc:1    | Entered Level 1 of the Orcish Mines
  8352 | Orc:1    | Noticed a cyclops
  8374 | Orc:1    | Killed a cyclops
  8458 | Orc:1    | Received a gift from Trog
  8560 | Orc:2    | Entered Level 2 of the Orcish Mines
  8679 | Orc:2    | Found a staircase to the Elven Halls.
  8679 | Orc:2    | Noticed Rupert
  8696 | Orc:2    | Killed Rupert
  8704 | Orc:2    | Found a radiant altar of Vehumet.
  8763 | Orc:2    | Found Anasih's Magic Scroll Shoppe.
  8890 | Orc:2    | Noticed an orc sorcerer
  8895 | Orc:2    | Noticed an orc sorcerer
  8909 | Orc:2    | Noticed an orc sorcerer
  8911 | Orc:2    | Noticed an orc knight
  8921 | Orc:2    | Noticed an orc knight
  8924 | Orc:2    | Killed an orc sorcerer
  8924 | Orc:2    | Gained mutation: You heal very quickly. [Vine Stalker growth]
  8924 | Orc:2    | Reached XP level 12. HP: 45/65 MP: 19/19
  8930 | Orc:2    | Noticed an orc high priest
  8952 | Orc:2    | HP: 1/65 [ynoxinul/iron shot[an orc sorcerer] (13)]
  8957 | Orc:2    | HP: 2/65 [poisoned by an orange demon]
  9096 | Orc:2    | Noticed an orc high priest
  9101 | Orc:2    | Gained mutation: You occasionally shout uncontrollably at your foes. [a neqoxec]
  9104 | Orc:2    | Noticed a sun demon
  9108 | Orc:2    | Killed an orc high priest
  9112 | Orc:2    | Noticed an orc high priest
  9121 | Orc:2    | HP: 4/97 [orc knight/glaive (12)]
  9274 | D:8      | Bought the +11 plutonium sword {*Contam Stlth-} for 1300 gold pieces
  9274 | D:8      | Found the +11 plutonium sword {*Contam Stlth-}
  9474 | Orc:1    | Killed an orc high priest
  9474 | Orc:1    | Reached skill level 1 in Long Blades
  9492 | Orc:2    | Paralysed by an orc sorcerer for 4 turns
  9581 | Orc:2    | Found Vohegiat's Book Shop.
  9581 | Orc:2    | Found Ytwedaqi's Jewellery Shop.
  9583 | Orc:2    | Noticed a sun demon
  9588 | Orc:2    | HP: 3/65 [sun demon[an orc high priest] (11)]
  9592 | Orc:2    | HP: 1/65 [poisoned by an orange demon]
  9598 | Orc:2    | HP: 2/65 [poisoned by an orange demon]
  9598 | Orc:2    | Killed from afar by an orc high priest

Vault maps used:
D:1:      nzn_arrival_crosshair
D:2:      kennysheep_big_flooded_room, makhleb_altar_promises_db,
          gammafunk_temple_overflow_arena, uniq_terence
D:3:      fedhas_altar_fruit_tree, lemuel_doored_altar, first_ration, uniq_robin
D:4:      fiery_altar_vehumet, overflow_temple_1_default
D:5:      grunt_dithmenos_smoke, minmay_small_thing
D:6:      nicolae_xom_altar_mimics, minmay_temple_entry_trees
D:8:      serial_shops, shop, grunt_livestock
D:10:     orc_0_dummy, basic_altar
Temple:   minmay_temple_curvy_branch
Orc:2:    st_orc_elflike, basic_altar, serial_shops, shop,
          statue_in_the_mist_lemuel, uniq_rupert

Skill      XL: |  1  2  3  4  5  6  7  8  9 10 11 12 |
---------------+-------------------------------------+-----
Short Blades   | 3 4 5 6 7 8 |  8.0
Evocations     | 1 5 6 8 |  8.9
Armour         | 2 4 6 7 |  7.9
Dodging        | 2 4 6 7 |  7.9
Fighting       | 3 4 6 8 |  8.9
Long Blades    | 1 |  1.8

Action                   |  1- 3 |  4- 6 |  7- 9 | 10-12 || total
-------------------------+-------+-------+-------+-------++-------
Melee: Short sword       |    77 |   118 |   307 |   612 ||  1114
       Bite              |    20 |    37 |   113 |   254 ||   424
       Triple sword      |       |       |       |    32 ||    32
Invok: Berserk           |     1 |     4 |     3 |     7 ||    15
       Brothers in Arms  |       |       |       |     4 ||     4
  Use: Scroll            |       |       |    12 |     4 ||    16
       Potion            |       |       |     8 |       ||     8
 Stab: Sleeping          |     1 |       |       |       ||     1
  Eat: Chunk             |     1 |    10 |    11 |    18 ||    40
       Ration            |       |       |     1 |       ||     1
Armor: Animal skin       |    13 |     6 |       |       ||    19
       Scale mail        |       |    33 |       |       ||    33
       Plate armour      |       |    20 |    40 |       ||    60
       Pearl dragon scal |       |       |   122 |   266 ||   388
Dodge: Dodged            |    55 |    56 |   157 |   379 ||   647
       Rpst.: Triple sword |       |       |       |     8 ||     8

Table legend:
 A = Spawn XP
 B = Non-spawn XP
 C = Spawn XP percentage of total XP
 D = Spawn monster count
 E = Non-spawn monster count
 F = Spawn count percentage of total count
 G = Total turns spent on level
                    A         B        C        D         E        F      G
               +---------+---------+-------+---------+---------+-------+---------
         Total |       0 |   25435 |   0.0 |       0 |     274 |   0.0 |  9598
               +---------+---------+-------+---------+---------+-------+---------
           D:1 |       0 |      46 |   0.0 |       0 |      24 |   0.0 |   646
           D:2 |       0 |     340 |   0.0 |       0 |      25 |   0.0 |  1214
           D:3 |       0 |      55 |   0.0 |       0 |      21 |   0.0 |   489
           D:4 |       0 |     194 |   0.0 |       0 |       7 |   0.0 |   794
           D:5 |       0 |     840 |   0.0 |       0 |      19 |   0.0 |   813
           D:6 |       0 |    1128 |   0.0 |       0 |      16 |   0.0 |   886
           D:7 |       0 |    1225 |   0.0 |       0 |      22 |   0.0 |  1077
           D:8 |       0 |    2837 |   0.0 |       0 |      34 |   0.0 |   908
           D:9 |       0 |    2276 |   0.0 |       0 |      23 |   0.0 |   733
          D:10 |       0 |    3006 |   0.0 |       0 |      23 |   0.0 |   657
         Orc:1 |       0 |    4060 |   0.0 |       0 |      26 |   0.0 |   496
         Orc:2 |       0 |    9428 |   0.0 |       0 |      34 |   0.0 |   709
               +---------+---------+-------+---------+---------+-------+---------
